 Dungeon Crawl Stone Soup version 0.32-a0-306-gfed3edf829 (webtiles) character file.

Game seed: 15314743201240202255

62 zenocrate the Sneak (level 4, -1/31 HPs)
             Began as an Octopode Delver on Feb 14, 2024.
             Slain by an ogre
             ... wielding a +0 giant club
              (32 damage)
             ... on level 6 of the Dungeon.
             The game lasted 00:00:36 (512 turns).

zenocrate the Sneak (Octopode Delver)                Turns: 512, Time: 00:00:37

Health: -1/31      AC:  1    Str: 11    XL:     4   Next: 8%
Magic:  4/4        EV: 14    Int: 12    God:
Gold:   0          SH:  0    Dex: 15    Spells: 3/3 levels left

rFire   . . .        a - +0 short sword
rCold   . . .        (no shield)
rNeg    . . .        (helmet restricted)
rPois   .            (no amulet)
rElec   .            (no ring)
rCorr   .            (no ring)
SInv    .            (no ring)
Will    .....        (no ring)
Stlth   +++++        (no ring)
HPRegen 0.25/turn    (no ring)
MPRegen 0.09/turn    (no ring)
                     (no ring)

%: no passive effects
@: hasted, very quick
A: almost no armour, amphibious, 8 rings, camouflage 1, gelatinous body 1,
(nimble swimmer 1), tentacles
a: no special abilities


You were on level 6 of the Dungeon.
You visited 1 branch of the dungeon, and saw 2 of its levels.

Inventory:

Hand Weapons
 a - a +0 short sword (weapon)
Jewellery
 g - a ring of ice
Wands
 f - a wand of digging (3)
Scrolls
 b - a scroll of fog
 c - a scroll of revelation
 d - a scroll of fear


   Skills:
 - Level 3.0 Fighting
 + Level 2.9 Short Blades
 + Level 2.9 Dodging
 + Level 7.3 Stealth


You had 3 spell levels left.
You didn't know any spells.
Your spell library was empty.

Dungeon Overview and Level Annotations

Branches:
Dungeon (6/15)
 Temple: D:4-7

Altars:

Shops:
D:5 [[*


Innate Abilities, Weirdness & Mutations

You cannot wear most types of armour.
You are amphibious.
You can wear up to eight rings at the same time.
Your skin changes colour to match your surroundings (Stealth+).
Your rubbery body absorbs attacks. (AC +1, EV +1)
((You are camouflaged when in or above water. (Stealth+)))
You have tentacles for arms and can constrict up to eight enemies at once.


Message History

g - a ring of ice
There is a stone staircase leading up here.
HP restored.
You climb upwards.
You hear the sound of rushing water.
There is an entrance to a sewer on this level.
Hurry and find it before the portal rusts away!
There is a stone staircase leading down here.
Okay, then.
Okay, then.
You start waiting.
You hear the slow rusting of a very distant drain.
Done exploring.
Key pressed, stopping explore.
You start waiting.
You hear the slow rusting of a very distant drain.
Okay, then.
You start waiting.
You hear the slow rusting of a very distant drain.
Done exploring.
You start waiting.
You hear the slow rusting of a very distant drain.
You start waiting.
You hear the rusting of a very distant drain.
You start waiting.
You hear the rusting of a very distant drain.
You start waiting.
You hear the brisk rusting of a very distant drain.
You start waiting.
You hear the brisk rusting of a very distant drain.
You start waiting.
You hear the brisk rusting of a very distant drain.
You start waiting.
You hear the quick rusting of a very distant drain.
You climb downwards.
The ogre closely misses you.
There is a stone staircase leading up here.
Unknown command.
You feel yourself speed up.
The ogre hits you with a +0 giant club!!
Ouch! That really hurt!
You die...

...........##....
..........## #$..
...........# #.#.
.##........#.###..
.....#...........
.....###..###.....
...........# ....
####....O.## ...
#......@# .
##..##### .... ###


You could see an ogre.

Vanquished Creatures
  A bullfrog (D:6)
1 creature vanquished.

Notes
Turn   | Place    | Note
-------+----------+-------------------------------------------
     0 | D:5      | zenocrate the Octopode Delver began the quest for the Orb.
     0 | D:5      | Reached XP level 1. HP: 16/16 MP: 1/1
    11 | D:6      | Noticed a bullfrog
    21 | D:6      | Killed a bullfrog
    22 | D:6      | Reached skill level 7 in Stealth
    22 | D:6      | Reached XP level 2. HP: 17/21 MP: 2/2
    22 | D:6      | Reached XP level 3. HP: 22/26 MP: 3/3
    22 | D:6      | Reached XP level 4. HP: 26/31 MP: 4/4
    23 | D:6      | Noticed an ogre
   512 | D:6      | Slain by an ogre

Illustrated notes

Levels and vault maps discovered:
D:5:      layout_rooms, gup_sewer_entry_pipe, serial_shops, shop,
          nicolae_shop_distant_corner_stores, serial_bayou_lagoon_a
D:6:      layout_cave_pools, nicolae_wu_jian_glorious_leap,
          minmay_temple_entry_trees, serial_shops, nicolae_shop_trees,
          hangedman_decor_peaks_small

Skill      XL: |  1 |
---------------+----+-----
Stealth        | 7 |  7.3
Fighting       | |  3.0
Short Blades   | |  2.9
Dodging        | |  2.9

Action                     |  1- 3 |  4- 6 || total
---------------------------+-------+-------++-------
  Melee: Short sword       |     4 |       ||     4
         Constrict         |     1 |       ||     1
    Use: Potion            |       |     1 ||     1
   Stab: Sleeping          |     1 |       ||     1
 Armour: Skin              |     1 |     1 ||     2
  Dodge: Dodged            |     3 |     1 ||     4

Table legend: (Time is in decaauts)
 A = Elapsed time spent in this place.
 B = Non-inter-level travel time spent in this place.
 C = Inter-level travel time spent in this place.
 D = Time resting spent in this place.
 E = Time spent auto-exploring this place.
 F = Levels seen in this place.
 G = Mean time per level.
                   A        B        C        D        E       F      G
               +--------+--------+--------+--------+--------+-----+--------+
         Total |    512 |    512 |      0 |    469 |      5 |   2 |  256.0 |
       Dungeon |    512 |    512 |      0 |    469 |      5 |   2 |  256.0 |
               +--------+--------+--------+--------+--------+-----+--------+

Top non-repeatable levels by time:
     D:5: 477 daAuts
     D:6: 34 daAuts
